 Dungeon Crawl Stone Soup version 0.25-a0-474-ga8a2ee3166 (webtiles) character file.

Game seed: 17591773931484809611, levelgen mode: deterministic

51 ReteAZ the Digger (level 3, -3/19 HPs)
             Began as a Gargoyle Earth Elementalist on Feb 8, 2020.
             Slain by an iguana (11 damage)
             ... on level 2 of the Dungeon.
             The game lasted 00:02:26 (1766 turns).

ReteAZ the Digger (Gargoyle Earth Elementalist)     Turns: 1766, Time: 00:02:26

Health: -3/19      AC:  5    Str: 11    XL:     3   Next: 81%
Magic:  3/6        EV: 12    Int: 16    God:
Gold:   68         SH:  0    Dex: 10    Spells: 6/7 levels left

rFire    . . .     SeeInvis .   p - +0 whip (curse)
rCold    . . .     Gourm    .   (no shield)
rNeg     + . .     Faith    .   c - +0 robe
rPois    ∞         Spirit   .   (no helmet)
rElec    +         Reflect  .   (no cloak)
rCorr    .         Harm     .   (no gloves)
MR       .....                  (no boots)
Stlth    ++........             (no amulet)
HPRegen  0.06/turn              (no ring)
MPRegen  0.10/turn              (no ring)

@: no status effects
A: negative energy resistance 1, electricity resistance, unbreathing,
petrification resistance, rot immunity, AC +3
a: no special abilities


You were on level 2 of the Dungeon.
You were not hungry.

You visited 1 branch of the dungeon, and saw 2 of its levels.

You collected 68 gold pieces.

Inventory:

Hand Weapons
 e - a +0 short sword
 p - a cursed +0 whip (weapon)
Missiles
 b - 35 stones (quivered)
Armour
 c - a +0 robe (worn)
Jewellery
 h - a cursed ring of teleportation {unknown}
 i - an uncursed ring of fire {unknown}
 l - an uncursed ring of positive energy {unknown}
Scrolls
 g - a scroll of amnesia {unknown}
 j - 2 scrolls of enchant armour {unknown}
 k - a scroll of identify {unknown}
 m - 3 scrolls of immolation {unknown}
 n - a scroll of teleportation {unknown}
 q - 2 scrolls of fear {unknown}
Potions
 a - 3 potions of berserk rage {unknown}
 o - a potion of heal wounds {unknown}
Comestibles
 d - 6 rations
 f - a chunk of flesh


   Skills:
 - Level 1.5 Dodging
 - Level 2.1 Stealth
 + Level 2.6 Spellcasting
   Level 0.7 Transmutations
 * Level 5.0 Earth Magic


You had 6 spell levels left.
You knew the following spells:

 Your Spells              Type           Power        Failure   Level  Hunger
a - Sandblast             Erth           ###...       2%          1    #......

Your spell library contained the following spells:

 Spells                   Type           Power        Failure   Level  Hunger
 Passwall                 Tmut/Erth      ##......     9%          2    ##.....
 Stone Arrow              Conj/Erth      ##....       21%         3    ###....
 Petrify                  Tmut/Erth      ##......     52%         4    #####..
 Lee's Rapid Deconstruct  Erth           ###.......   54%         5    ######.


Dungeon Overview and Level Annotations

Branches:
Dungeon (2/15)

Altars:
Cheibriados
Okawaru
Uskayaw


Innate Abilities, Weirdness & Mutations

You are resistant to torment.
Your stone body is resilient. (AC +3)
You are immune to poison.
You resist negative energy. (rN+)
You are resistant to electric shocks. (rElec)
You can survive without breathing.
You are immune to petrification.
You are immune to rotting.


Message History

Press: ? - help, Shift-Dir - straight line, f/p - iguana
Aim: an iguana (lightly wounded)
The blast of sand hits the iguana.
The iguana is moderately wounded.
b - 36 stones
Casting: Sandblast (safe; 2% risk of failure)
Confirm with . or Enter, or press ? or * to list all spells.
Aiming: Sandblast (safe; 2% risk of failure)
Press: ? - help, Shift-Dir - straight line, f/p - iguana
Aim: an iguana (moderately wounded)
The blast of sand hits the iguana!
The iguana is severely wounded.
b - 35 stones The iguana bites you!
Ouch! That really hurt!
You barely miss the iguana.
The iguana is severely wounded.
The iguana barely misses you. The iguana bites you!
Ouch! That really hurt!
You die...

..##..##...### .[. ..
###..#..##.#..#. #.. .
.###....##...... #.# .#.
.............. # ##.#
..####..#.........
##.###..####.#............#..
.......<........#.#.......#..
..w............##........÷...
.........$.l@.##....##..(....
.................#.# #....#..
...................###.......
.......#.....................
.......#.8.8.8..#......#.....
................#.####.......
..l...............# #.......
#######.......#...####.......
##....._#..............


You could see an iguana.

Vanquished Creatures
  An adder (D:2)
  An ooze (D:2)
  3 dart slugs (D:1)
  2 leopard geckos (D:2)
  3 giant cockroaches
  3 goblins (D:1)
  3 hobgoblins (D:1)
  5 bats
  3 frilled lizards
  3 kobolds (D:1)
  6 rats
33 creatures vanquished.

Notes
Turn   | Place    | Note
-------+----------+-------------------------------------------
     0 | D:1      | ReteAZ the Gargoyle Earth Elementalist began the quest for
                  | the Orb.
     0 | D:1      | Reached XP level 1. HP: 10/10 MP: 3/3
   115 | D:1      | Reached skill level 4 in Earth Magic
   115 | D:1      | Reached XP level 2. HP: 9/15 MP: 5/5
   793 | D:1      | Reached XP level 3. HP: 14/19 MP: 6/6
  1242 | D:2      | Found a snail-covered altar of Cheibriados.
  1242 | D:2      | Found an iron altar of Okawaru.
  1435 | D:2      | Reached skill level 5 in Earth Magic
  1722 | D:2      | Found a hide-covered altar of Uskayaw.
  1766 | D:2      | Slain by an iguana

Levels and vault maps discovered:
D:1:      lemuel_arrival_lava_pool, layout_basic
D:2:      layout_rooms, eat_drink_and_be_merry_uskayaw, old_standard_altar,
          minitemple

Skill      XL: |  1  2  3 |
---------------+----------+-----
Earth Magic    | 4 5 |  5.0
Dodging        | |  1.5
Stealth        | |  2.1
Spellcasting   | |  2.6
Transmutations | |  0.7

Action                   || total
-------------------------++-------
Melee: Unarmed           ||    67
       Short sword       ||    90
       Whip              ||     1
 Cast: Sandblast         ||     9
 Stab: Sleeping          ||     3
  Eat: Chunk             ||     3
Armor: Robe              ||    77
Dodge: Dodged            ||   146

Table legend:
 A = Non-vault XP
 B = Vault XP
 C = Vault XP percentage of total XP
 D = Non-vault monster count
 E = Vault monster count
 F = Vault count percentage of total count
                 A         B        C        D         E       F
            +---------+---------+-------+---------+---------+-------
      Total |      73 |       0 |   0.0 |      33 |       0 |   0.0
            +---------+---------+-------+---------+---------+-------
        D:1 |      39 |       0 |   0.0 |      22 |       0 |   0.0
        D:2 |      34 |       0 |   0.0 |      11 |       0 |   0.0
            +---------+---------+-------+---------+---------+-------
